Map: 锈化山巅-天梯版

Players

iGCoffeeMs (Coffee) - Winner!

  • Race: Terran Terran

iGMacSed (MacSed)

  • Race: Protoss Protoss
  • League: Master

Event: DreamHack SC2 Masters 2021 Winter

VOD

Have the link to the VOD?

Description

Time

  • Played on: Oct. 7, 2021, 9:03 a.m.
  • Length: 27:11

All games in this series

Show
View Real Time Build Order
Export as new Build Order

iGCoffeeMs Terran - Winner!

Build Orders:  

Get SALT Encoding   

  12  0:00  SCV  
  13  0:12  SCV  
  14  0:17  Supply Depot  
  14  0:24  SCV  
  15  0:38  SCV  
  15  0:39  Barracks  
  15  0:42  Refinery  
  16  0:50  SCV  
  17  1:02  SCV  
  18  1:15  SCV  
  19  1:26  Marine  
  19  1:27  Orbital Command  
  20  1:44  Command Center  
  20  1:46  Barracks Reactor  
  20  1:53  SCV  
  21  1:57  Supply Depot  
  21  2:06  SCV  
  22  2:10  Factory  
  22  2:18  SCV  
  22  2:22  Marine  
  23  2:23  Bunker, Marine  
  25  2:31  Refinery  
  25  2:33  SCV  
  26  2:42  Marine x2  
  28  2:45  SCV  
  29  2:55  Starport, Widow Mine  
  29  2:57  SCV  
  32  3:03  Orbital Command  
  32  3:09  Marine x2  
  34  3:18  Widow Mine  
  36  3:22  SCV  
  37  3:27  Supply Depot  
  37  3:29  Marine x2  
  37  3:32  SCV  
  37  3:33  Medivac  
  42  3:39  Widow Mine  
  44  3:42  SCV  
  44  3:44  SCV  
  46  3:51  Supply Depot, Marine x2  
  46  3:54  SCV  
  49  3:56  SCV  
  50  4:02  Factory Tech Lab  
  50  4:03  Starport Tech Lab  
  50  4:07  SCV  
  50  4:08  SCV  
  50  4:09  Marine x2  
  54  4:14  Supply Depot  
  54  4:15  Refinery  
  54  4:21  Siege Tank, Barracks  
  57  4:26  SCV x2  
  57  4:30  Raven  
  61  4:35  Supply Depot, Marine  
  62  4:48  SCV x2  
  62  4:49  Marine  
  59  4:53  Marine  
  59  4:54  Siege Tank  
  61  5:01  Engineering Bay  
  61  5:05  Barracks  
  61  5:10  SCV x2  
  63  5:14  Marine x2  
  63  5:19  Marauder, Stimpack  
  67  5:23  Supply Depot, Starport Reactor  
  67  5:25  SCV x2  
  69  5:28  Refinery  
  69  5:38  Factory Reactor  
  69  5:45  Marine x2  
  69  5:46  Marauder, SCV, Terran Infantry Weapons Level 1  
  69  5:47  Supply Depot  
  72  5:58  SCV  
  72  5:59  SCV  
  72  6:01  Missile Turret  
  73  6:07  Medivac x2  
  73  6:10  SCV  
  73  6:11  SCV  
  79  6:14  Command Center  
  79  6:18  Marine x2  
  79  6:22  Supply Depot  
  85  6:25  Widow Mine x2  
  85  6:28  SCV  
  86  6:33  Combat Shield  
  86  6:37  Supply Depot  
  86  6:44  SCV  
  86  6:46  Medivac x2  
  91  6:48  Marine x2  
  93  6:59  Marauder x2, Widow Mine  
  93  7:00  Supply Depot, SCV  
  100  7:01  Concussive Shells  
  100  7:09  Supply Depot, Marine  
  100  7:10  Supply Depot  
  101  7:18  SCV  
  102  7:25  Marauder x2  
  106  7:30  Marine x2  
  106  7:33  SCV  
  106  7:35  Widow Mine x2  
  113  7:40  Barracks  
  113  7:41  Armory, Barracks  
  113  7:52  Marauder x2  
  113  7:54  Marine x2  
  113  7:55  SCV x2  
  121  8:00  Orbital Command  
  121  8:03  Terran Infantry Armor Level 1  
  112  8:16  Viking x2  
  112  8:17  Marauder  
  117  8:20  Marine x2  
  117  8:23  SCV x2  
  121  8:30  Barracks Tech Lab, Engineering Bay, Barracks Reactor  
  121  8:35  SCV  
  121  8:36  Orbital Command  
  121  8:37  Marauder  
  121  8:39  Marine x2  
  121  8:40  SCV  
  127  8:47  SCV  
  128  8:50  Missile Turret  
  128  8:56  Viking x2  
  128  8:58  SCV  
  133  9:03  Terran Infantry Weapons Level 2  
  133  9:10  SCV x2  
  133  9:13  SCV  
  136  9:19  Marauder, Supply Depot x2  
  136  9:23  Marauder  
  140  9:33  Ghost Academy  
  140  9:37  Supply Depot  
  140  9:38  Supply Depot  
  140  9:41  Marauder, Missile Turret, Medivac x2  
  140  9:43  Widow Mine x2  
  149  9:53  Marauder x2  
  149  9:54  Marine x2  
  149  9:55  Marine x2  
  149  9:56  SCV x2  
  149  9:58  Refinery  
  149  9:59  Refinery  
  152  10:03  Sensor Tower, Enhanced Shockwaves  
  152  10:05  Terran Ship Weapons Level 1  
  152  10:07  Bunker  
  152  10:13  Viking x2  
  155  10:26  Marauder x3  
  160  10:38  Marine x3  
  163  10:45  Command Center  
  163  10:47  Marauder x3  
  169  10:58  Viking x2  
  171  11:04  Supply Depot  
  171  11:05  Supply Depot  
  171  11:07  Supply Depot  
  171  11:08  Ghost  
  171  11:09  Supply Depot  
  173  11:23  Terran Infantry Armor Level 2  
  173  11:25  Ghost x2  
  173  11:26  Barracks  
  173  11:27  Barracks  
  173  11:28  Terran Infantry Weapons Level 3  
  173  11:29  Barracks  
  177  11:40  Ghost  
  177  11:42  Marine  
  180  11:50  SCV x2  
  180  11:54  Ghost x2  
  185  12:11  Ghost  
  185  12:13  Terran Ship Weapons Level 2  
  185  12:16  Barracks Tech Lab  
  185  12:17  Barracks Reactor, Barracks Tech Lab  
  185  12:22  Ghost x2  
  185  12:23  SCV x2  
  185  12:24  Starport, SCV  
  192  12:43  Refinery  
  192  12:45  Refinery  
  192  12:46  Planetary Fortress  
  192  12:47  Missile Turret  
  149  13:10  Marauder x2, Marine x3  
  148  13:14  Marine x3  
  148  13:17  SCV x2  
  153  13:21  Command Center x2  
  153  13:23  Sensor Tower  
  153  13:27  Ghost x3  
  153  13:29  Missile Turret  
  153  13:31  SCV x3  
  162  13:35  Personal Cloaking  
  162  13:37  Ghost Academy  
  161  13:45  Terran Infantry Armor Level 3  
  154  14:04  Liberator x4  
  154  14:07  Supply Depot  
  165  14:21  Marauder x3  
  171  14:25  Marine x3  
  174  14:32  Supply Depot  
  174  14:33  Supply Depot  
  172  14:39  Nuke  
  171  14:47  Liberator x3, Marauder x3, Orbital Command  
  171  14:50  Widow Mine  
  180  15:01  Nuke  
  180  15:05  Supply Depot  
  180  15:07  Marauder x2  
  169  15:08  Marauder, Marine x4  
  169  15:09  Marine  
  169  15:11  Widow Mine  
  178  15:17  Planetary Fortress  
  178  15:20  Missile Turret  
  178  15:33  Liberator x3  
  178  15:34  Liberator  
  186  15:45  Sensor Tower  
  185  15:52  Marauder x2  
  185  15:58  Supply Depot, Marine x3  
  185  15:59  Marine  
  185  16:00  Supply Depot  
  185  16:02  Refinery  
  185  16:03  Refinery  
  185  16:04  Command Center  
  184  16:05  Fusion Core  
  184  16:10  Marauder x2  
  184  16:11  Nuke  
  181  16:29  Ghost x3  
  181  16:31  Ghost  
  165  16:47  Orbital Command  
  165  16:49  Ghost  
  165  16:53  Widow Mine  
  167  16:57  Ghost x2  
  167  16:58  Ghost  
  167  16:59  Ghost  
  175  17:04  Advanced Ballistics  
  175  17:05  Sensor Tower  
  165  17:17  Ghost  
  165  17:20  Orbital Command  
  165  17:21  SCV  
  162  17:24  Marine  
  162  17:26  Ghost x2  
  162  17:28  SCV x2  
  169  17:33  Marauder, SCV  
  169  17:34  Marauder  
  172  17:47  Marauder  
  167  17:52  Marine x4  
  167  17:55  Marauder x2  
  167  17:57  Marine  
  167  17:58  Marine x2  
  173  17:59  Orbital Command  
  173  18:00  Marauder, SCV x2  
  175  18:12  Marine x2  
  172  18:13  Marauder  
  172  18:16  Marauder  
  169  18:20  SCV x2  
  169  18:21  SCV  
  169  18:24  Viking  
  169  18:25  Viking x2  
  169  18:26  SCV  
  178  18:32  SCV x2  
  175  18:51  Marauder x2, Marine x4  
  178  18:59  Marine x4  
  157  19:07  Viking x4  
  157  19:08  SCV x3  
  161  19:20  SCV  
  161  19:22  Marauder  
  140  19:25  Marine x3  
  134  19:32  Marine  
  134  19:33  Marine x2  
  124  19:43  Marauder  
  124  19:44  Marauder x2, Marine x3  
  128  19:49  Orbital Command  
  128  19:51  SCV x2  
  128  19:55  Missile Turret, SCV  
  129  20:03  SCV  
  130  20:08  Marauder x3  
  130  20:09  SCV x2  
  130  20:13  Marine x2  
  130  20:14  Marine  
  141  20:15  SCV  
  142  20:25  Marauder x2, Marine x3  
  142  20:27  SCV  
  142  20:28  SCV  
  151  20:29  Marine x2  
  151  20:32  Sensor Tower  
  153  20:39  Marine x4  
  153  20:40  Medivac x2  
  151  20:51  Marine x3  
  151  20:56  Marauder x3  
  159  21:01  Refinery  
  159  21:02  Marine x3  
  159  21:10  Terran Ship Weapons Level 3  
  159  21:15  Command Center  
  159  21:20  Marine x3  
  162  21:38  Marine x3  
  162  21:39  Viking x2  
  167  21:40  Viking  
  165  22:00  Factory  
  165  22:02  Liberator  
  165  22:04  Marauder x2  
  172  22:12  Marauder x2, Marine x4  
  173  22:37  Marauder x3, Marine x2  
  173  22:52  Liberator x2  
  175  23:01  Marine  
  175  23:02  Marauder x2, Marine  
  163  23:06  Liberator  
  164  23:31  Planetary Fortress  
  164  23:34  Liberator  
  152  23:41  SCV x2  
  152  23:42  SCV x2  
  155  23:49  Liberator x2  
  155  23:51  Marine x5  
  155  23:53  SCV x2  
  165  23:58  Missile Turret  
  165  23:59  Missile Turret x2, Refinery  
  165  24:00  Refinery, Nuke  
  156  24:03  SCV  
  153  24:37  Orbital Command  
  139  24:38  Marine x2  
  139  24:39  Marauder, Marine  
  139  24:42  SCV x3  
  144  24:48  Marauder  
  144  24:49  Marine x4  
  130  25:09  Marauder x4, Marine x2  
  130  25:13  Marine x2  
  141  25:19  Marauder, Marine x2  
  140  25:27  SCV  
  140  25:28  SCV  
  141  25:29  Marine  
  141  25:30  Marauder, Marine  
  143  25:38  Marauder  
  143  25:41  Marine x2  
  143  25:42  Marauder, Marine  
  149  25:43  SCV, Marine x2  
  149  25:47  SCV x2  
  138  26:05  Marauder x2  
  138  26:07  Marine  
  138  26:08  Marine x3  
  136  26:12  Marauder  
  136  26:13  Marine x2  
  132  26:22  Marine x2  
  122  26:25  Marine  
  122  26:26  Marauder x2  
  122  26:29  Marine x2  
  122  26:31  Marine  
  109  26:34  Marauder  
  110  26:40  Marauder x2  
  110  26:41  Marine x2  
  110  26:44  SCV x3  
  116  26:48  Marauder  
Show
View Real Time Build Order
Export as new Build Order

iGMacSed Protoss 

Build Orders: 1 Gate Expand, Blink Stalkers 

Get SALT Encoding   

  12  0:00  Probe  
  13  0:12  Probe  
  14  0:17  Pylon  
  14  0:24  Probe (Chrono Boost)  
  16  0:36  Gateway, Probe (Chrono Boost)  
  16  0:43  Probe (Chrono Boost)  
  16  0:45  Assimilator  
  17  0:50  Probe  
  18  1:03  Probe  
  19  1:15  Probe  
  20  1:24  Cybernetics Core  
  20  1:31  Nexus  
  20  1:38  Pylon  
  20  1:42  Probe  
  21  1:48  Assimilator  
  21  1:55  Probe  
  21  1:57  Adept (Chrono Boost)  
  21  2:01  Warp Gate  
  24  2:07  Probe  
  25  2:19  Probe (Chrono Boost)  
  25  2:20  Adept  
  28  2:27  Twilight Council  
  29  2:30  Probe (Chrono Boost)  
  29  2:35  Probe (Chrono Boost)  
  30  2:41  Gateway  
  30  2:44  Probe  
  31  2:46  Probe  
  31  2:50  Adept  
  34  2:56  Blink (Chrono Boost), Probe  
  35  2:58  Probe  
  36  3:08  Probe  
  36  3:10  Probe  
  38  3:17  Pylon  
  38  3:20  Probe  
  38  3:23  Probe  
  38  3:25  Robotics Facility  
  40  3:32  Probe  
  39  3:35  Probe  
  39  3:36  Gateway  
  39  3:40  Shield Battery  
  40  3:44  Probe  
  40  3:47  Probe  
  42  3:52  Stalker x2  
  46  3:56  Probe  
  46  3:59  Probe, Pylon  
  48  4:07  Pylon  
  49  4:12  Observer  
  49  4:15  Probe  
  50  4:17  Stalker x2  
  50  4:19  Probe  
  50  4:20  Assimilator  
  50  4:23  Assimilator  
  55  4:27  Pylon  
  55  4:28  Probe  
  56  4:33  Stalker  
  56  4:34  Probe  
  59  4:42  Warp Prism (Chrono Boost)  
  56  4:50  Probe  
  58  4:52  Probe  
  58  4:55  Adept  
  60  5:02  Probe  
  60  5:05  Probe  
  62  5:08  Robotics Bay  
  62  5:11  Forge  
  62  5:14  Probe  
  62  5:17  Charge  
  62  5:21  Observer  
  64  5:29  Nexus  
  64  5:34  Pylon  
  64  5:44  Protoss Ground Weapons Level 1  
  64  5:56  Gateway x2, Sentry  
  66  5:57  Zealot  
  66  5:58  Gateway  
  66  6:03  Colossus (Chrono Boost)  
  74  6:11  Pylon  
  74  6:15  Extended Thermal Lance (Chrono Boost)  
  74  6:24  Gateway x2  
  74  6:35  Shield Battery  
  74  6:40  Colossus (Chrono Boost)  
  74  6:43  Probe  
  74  6:44  Probe  
  82  6:47  Shield Battery  
  82  6:54  Probe  
  83  6:55  Zealot x2, Sentry  
  83  7:01  Probe  
  90  7:03  Probe  
  91  7:12  Probe  
  91  7:13  Probe  
  91  7:14  Zealot x2, Sentry  
  99  7:20  Pylon  
  98  7:28  Stalker x3  
  104  7:39  Probe x2  
  104  7:43  Probe  
  105  7:51  Zealot x2  
  105  7:55  Pylon  
  105  7:56  Pylon  
  109  8:13  Probe  
  109  8:16  Stalker x5  
  109  8:19  Probe x2  
  118  8:25  Colossus (Chrono Boost)  
  118  8:26  Probe  
  125  8:38  Observer  
  125  8:40  Pylon  
  125  8:43  Pylon  
  125  8:44  Protoss Ground Weapons Level 2 (Chrono Boost)  
  125  8:45  Pylon  
  125  8:48  Pylon  
  125  8:58  Probe x3  
  128  9:03  Robotics Facility  
  128  9:12  Immortal (Chrono Boost), Zealot x4  
  128  9:13  Zealot x4, Assimilator x2  
  148  9:24  Photon Cannon  
  148  9:25  Photon Cannon  
  148  9:27  Shield Battery x2  
  148  9:37  Stalker  
  150  9:44  Immortal (Chrono Boost)  
  154  9:49  Stalker  
  156  10:01  Dark Shrine  
  156  10:04  Pylon x2  
  156  10:05  Nexus  
  156  10:08  Pylon  
  156  10:16  Forge  
  156  10:20  Immortal (Chrono Boost)  
  156  10:26  Observer (Chrono Boost)  
  161  10:33  Photon Cannon  
  161  10:37  Photon Cannon  
  161  10:44  Disruptor (Chrono Boost)  
  161  10:48  Stalker x2  
  168  10:52  Photon Cannon  
  168  10:54  Photon Cannon  
  168  10:56  Shield Battery  
  166  10:57  Observer (Chrono Boost)  
  166  10:58  Shield Battery  
  166  11:02  Observer  
  166  11:12  Probe  
  166  11:15  Pylon  
  166  11:16  Disruptor, Protoss Ground Weapons Level 3 (Chrono Boost)  
  166  11:17  Disruptor  
  173  11:21  Probe  
  174  11:29  Probe x2  
  174  11:30  Protoss Ground Armor Level 1 (Chrono Boost), Pylon  
  174  11:31  Dark Templar  
  178  11:33  Probe  
  178  11:36  Zealot x3  
  185  11:42  Gravitic Boosters  
  185  11:45  Gateway, Probe x2  
  185  11:47  Gateway  
  185  11:52  Stalker  
  185  11:53  Stalker x3  
  193  12:00  Disruptor x2 (Chrono Boost)  
  197  12:14  Probe x2  
  197  12:15  Photon Cannon  
  199  12:23  Pylon  
  200  12:37  Observer  
  200  12:43  Disruptor (Chrono Boost)  
  158  13:07  Colossus (Chrono Boost)  
  154  13:15  Zealot  
  154  13:16  Zealot x7, Disruptor (Chrono Boost)  
  170  13:22  Assimilator  
  170  13:23  Assimilator  
  170  13:27  Protoss Ground Armor Level 2 (Chrono Boost)  
  170  13:41  Disruptor (Chrono Boost), Shadow Stride  
  170  13:42  Stargate  
  170  13:45  Nexus, Pylon  
  170  13:48  Disruptor (Chrono Boost)  
  171  13:49  Pylon  
  171  13:53  Pylon  
  170  14:04  Photon Cannon  
  170  14:06  Shield Battery  
  170  14:07  Shield Battery  
  170  14:10  Shield Battery  
  166  14:25  Photon Cannon  
  166  14:26  Photon Cannon  
  166  14:27  Shield Battery  
  166  14:29  Protoss Shields Level 1, Gateway, Shield Battery  
  166  14:30  Zealot x5  
  166  14:31  Zealot x5  
  186  14:32  Gateway  
  186  14:34  Gateway  
  186  14:37  Gateway  
  172  14:40  Colossus x2  
  176  14:51  Zealot x5  
  179  15:07  Fleet Beacon  
  179  15:12  Stargate x2  
  179  15:17  Dark Templar x8  
  195  15:22  Dark Templar  
  195  15:24  Assimilator x2  
  197  15:28  Dark Templar  
  197  15:31  Observer  
  195  15:46  Observer  
  183  15:51  Observer x2 (Chrono Boost)  
  183  15:55  Stalker x8  
  181  16:09  Dark Templar  
  183  16:15  Protoss Air Weapons Level 1 (Chrono Boost)  
  171  16:50  Dark Templar  
  171  16:51  Carrier x3 (Chrono Boost)  
  190  17:01  Cybernetics Core  
  190  17:05  Observer  
  189  17:12  Stalker  
  189  17:13  Stalker x3  
  168  17:32  Zealot x10  
  164  17:57  Stalker x8  
  177  18:05  Observer  
  170  18:08  Disruptor x2 (Chrono Boost)  
  170  18:10  Carrier (Chrono Boost)  
  172  18:37  Protoss Air Weapons Level 2  
  172  18:38  Observer x2  
  170  18:51  Zealot x4  
  170  18:52  Zealot x3  
  171  19:10  Nexus  
  157  19:25  Disruptor x2 (Chrono Boost)  
  123  19:42  Zealot x4  
  107  19:54  Dark Templar  
  109  20:00  Dark Templar  
  109  20:03  Disruptor (Chrono Boost)  
  109  20:06  Sentry  
  116  20:07  Sentry  
  118  20:19  Pylon  
  118  20:20  Dark Templar  
  118  20:26  Templar Archives  
  113  20:41  Disruptor (Chrono Boost)  
  97  20:58  Disruptor (Chrono Boost)  
  100  21:08  High Templar x3, Protoss Air Armor Level 1  
  100  21:09  High Templar  
  108  21:11  Disruptor (Chrono Boost)  
  108  21:14  Dark Templar  
  108  21:17  Archon x2  
  113  21:18  High Templar x2  
  113  21:19  High Templar  
  113  21:21  High Templar  
  113  21:25  Archon  
  121  21:28  Archon  
  121  21:33  Disruptor  
  114  21:40  High Templar x4  
  114  21:44  Archon x2  
  114  21:46  Stalker x2  
  124  21:48  Zealot x2  
  128  21:57  Colossus  
  134  22:07  Observer  
  132  22:12  Dark Templar  
  133  22:25  Stalker x2  
  133  22:26  Disruptor  
  140  22:31  Zealot x3  
  120  22:51  Disruptor  
  120  22:53  Stalker x2  
  120  22:54  Stalker x3  
  126  23:01  Dark Templar  
  126  23:18  Pylon  
  126  23:24  Colossus (Chrono Boost)  
  132  23:48  Colossus (Chrono Boost)  
  132  23:50  Dark Templar  
  132  23:55  Zealot x4  
  148  24:09  Stalker x3  
  153  24:16  Adept x2  
  144  24:41  Stalker x4  
  152  24:52  Stalker x2  
  150  25:04  Zealot x3  
  138  25:26  Stalker x3  
  117  25:48  Dark Templar  
  99  26:01  Dark Templar  
  99  26:04  Zealot x3  
  79  26:37  Stalker x3  
  77  27:03  Stalker x2  

Tags
 
Add a new tag
Caveats
  • Supply blocks, unpowered buildings, or Contaminate may cause inaccurate times.
  • Supply counts are checked every 10 seconds.